 Dungeon Crawl Stone Soup version 0.27.1-35-g4d5d836560 (webtiles) character file.

Game seed: 9593697556495592135

0 spiderkeys the Ducker (level 1, -6/13 HPs)
             Began as a Deep Elf Abyssal Knight on June 11, 2022.
             Was a Follower of Lugonu.
             Mangled by a sixfirhy (13 damage)
             ... on level 1 of the Abyss.
             The game lasted 00:00:36 (250 turns).

spiderkeys the Ducker (Deep Elf Abyssal Knight)      Turns: 250, Time: 00:00:37

Health: -6/13      AC:  3    Str:  9      XL:     1   Next: 0%
Magic:  4/4        EV: 12    Int: 16      God:    Lugonu [*.....]
Gold:   0          SH:  0    Dex: 13 (14) Spells: 0/0 levels left

rFire    . . .     SeeInvis .   a - +1 short sword
rCold    . . .     Faith    .   (no shield)
rNeg     . . .     Spirit   .   b - +0 leather armour
rPois    .         Reflect  .   (no helmet)
rElec    .         Harm     .   (no cloak)
rCorr    .         Rampage  .   (no gloves)
Will     .....                  (no boots)
Stlth    +.........             (no amulet)
HPRegen  0.04/turn              (no ring)
MPRegen  0.09/turn              (no ring)

@: hasted, very quick
A: no striking features
a: Renounce Religion, Depart the Abyss


You were on level 1 of the Abyss.
You worshipped Lugonu.
Lugonu was aware of your devotion.
You visited 0 branches of the dungeon, and saw 0 of its levels.
You visited the Abyss 1 time.


   Skills:
 + Level 2.4 Fighting
 + Level 2.0 Short Blades
 + Level 0.7 Armour
 + Level 2.4 Dodging
 + Level 2.0 Invocations


You couldn't memorise any spells.
You didn't know any spells.
Your spell library was empty.

Inventory:

Hand Weapons
 a - a +1 short sword (weapon)
Missiles
 c - 11 stones
Armour
 b - a +0 leather armour (worn)

Dungeon Overview and Level Annotations

Branches:
Dungeon (0/15)

Altars:

....#.##...#
#......####
..##.......##
#.......#x.#
#.#........#..#
.#....#.#3###.#
##...#...x.## #.#
..#..5.##.#.# ..
......#.@.....#
##.#..#..#3#.!...#
.#.#....#..######
$..##......# #.
##..##.. ..# #..
.# #. ..


You could see a sixfirhy, a neqoxec, a small abomination and a quasit.


Message History

🤖 Initializing magus.rc ...
Options error: Delay interrupt name "hungry" not recognised. (~/.crawlrc:4988) ✅ Successfully initialized magus.rc [v1.9.10] Welcome, spiderkeys the Deep Elf Abyssal Knight.
Will you be the one to retrieve the awesome Orb of Zot from the depths?
Lugonu says: Depart the Abyss and spread corruption, my servant! (use the ability menu to exit the Abyss) Press ? for a list of commands and other information.
Found a corrupted altar of Lugonu.
c - 11 stones
d - a dark potion
e - a scroll labelled JOLOGO JAPONYI A tentacled starspawn comes into view.
As you read the scroll labelled JOLOGO JAPONYI, it crumbles to dust.
You hear a loud clanging noise!
It was a scroll of noise.
You hear a hideous shriek! x5
Tentacles burst from the starspawn's body! 2 starspawn tentacles come into view.
Tentacles burst from the starspawn's body! 2 starspawn tentacles come into view.
The starspawn tentacle closely misses you.
The starspawn tentacle barely misses you.
The starspawn tentacle grabs you.
The starspawn tentacle constricts you. 😕 HP[-3]
You take 3 damage, and now have 10/13 hp.
MASSIVE DAMAGE!! (PAUSE)
You escape the starspawn tentacle's grasp. 😕 HP[+1]
A small abomination comes into view. 😕 HP[+1]
A neqoxec comes into view.
The neqoxec shouts!
A quasit comes into view.
The quasit gives a chilling moan.
The quasit misses you. The quasit claws you.
You feel clumsy. The quasit barely misses you. 😕 HP[-2]
You take 2 damage, and now have 10/13 hp.
The quasit bites you. The quasit closely misses you.
The quasit barely misses you. 😮 HP[-1]
You take 1 damage, and now have 9/13 hp.
The quasit completely misses you. The quasit misses you.
The quasit closely misses you. The neqoxec hits you. 😮 HP[-1]
You take 1 damage, and now have 8/13 hp.
The quasit completely misses you. The quasit claws you.
* * * LOW HITPOINT WARNING * * *
The quasit claws you but does no damage. 😨 HP[-2]
You take 2 damage, and now have 6/13 hp.
The neqoxec gestures at you.
Something tries to feed on your intellect!
A sixfirhy comes into view. 😮 HP[+1] Unknown command.
It was a potion of haste.
You feel yourself speed up. The sixfirhy hits you!
Ouch! That really hurt!
You die...

Action                   || total
-------------------------++-------
  Use: Scroll            ||     1
       Potion            ||     1
Armor: Leather armour    ||     1
Dodge: Dodged            ||    10

Levels and vault maps discovered:
Abyss:1:  base: Temple, base: Temple, hangedman_classic_abyss_death

Notes
Turn   | Place    | Note
-------+----------+-------------------------------------------
     0 | Abyss:1  | spiderkeys the Deep Elf Abyssal Knight began the quest for
                  | the Orb.
     0 | Abyss:1  | Reached XP level 1. HP: 13/13 MP: 4/4
     0 | Abyss:1  | magus.rc [v1.9.10]
   176 | Abyss:1  | Noticed a tentacled starspawn
   221 | Abyss:1  | Noticed a small abomination
   238 | Abyss:1  | Noticed a neqoxec
   240 | Abyss:1  | Noticed a quasit
   249 | Abyss:1  | Noticed a sixfirhy
   250 | Abyss:1  | Mangled by a sixfirhy

Vanquished Creatures (others)
  4 starspawn tentacles (Abyss:1)
4 creatures vanquished.

Table legend:
 A = Non-vault XP
 B = Vault XP
 C = Vault XP percentage of total XP
 D = Non-vault monster count
 E = Vault monster count
 F = Vault count percentage of total count
                 A         B        C        D         E       F
            +---------+---------+-------+---------+---------+-------
      Total |       0 |       0 |   N/A |       0 |       0 |  -nan
            +---------+---------+-------+---------+---------+-------
            +---------+---------+-------+---------+---------+-------

Illustrated notes

Table legend: (Time is in decaauts)
 A = Elapsed time spent in this place.
 B = Non-inter-level travel time spent in this place.
 C = Inter-level travel time spent in this place.
 D = Time resting spent in this place.
 E = Time spent auto-exploring this place.
 F = Levels seen in this place.
 G = Mean time per level.
                   A        B        C        D        E       F      G
               +--------+--------+--------+--------+--------+-----+--------+
         Total |    250 |    250 |      0 |      0 |    174 |   1 |  250.0 |
         Abyss |    250 |    250 |      0 |      0 |    174 |   1 |  250.0 |
               +--------+--------+--------+--------+--------+-----+--------+

Top non-repeatable levels by time:
 Abyss:1: 250 daAuts
